 Dungeon Crawl Stone Soup version 0.26-a0-708-g17f3b190f9 (webtiles) character file.

Game seed: 10847031346789937964

457 Frask the Shield-Bearer (level 6, -8/56 HPs)
             Began as a Minotaur Fighter on Oct 27, 2020.
             Mangled by a mummy (14 damage)
             ... in an ossuary.
             The game lasted 00:10:06 (2897 turns).

Frask the Shield-Bearer (Minotaur Fighter)          Turns: 2897, Time: 00:10:07

Health: -8/56      AC:  7    Str: 28    XL:     6   Next: 77%
Magic:  14/14      EV:  8    Int:  5    God:
Gold:   215        SH: 11    Dex: 10    Spells: 5/5 levels left

rFire    . . .     SeeInvis .   a - +0 war axe
rCold    . . .     Faith    .   g - +0 kite shield
rNeg     . . .     Spirit   .   b - +0 scale mail
rPois    .         Reflect  .   (helmet restricted)
rElec    .         Harm     .   (no cloak)
rCorr    .         Rampage  .   (no gloves)
MR       .....                  (no boots)
Stlth    ..........             j - amulet of magic regeneration
HPRegen  0.18/turn              k - +6 ring of strength
MPRegen  0.39/turn              f - ring of magical power

@: no status effects
A: retaliatory headbutt, horns 2
a: no special abilities


You were in an ossuary.
You visited 1 branch of the dungeon, and saw 4 of its levels.
You also visited: Ossuary.

You collected 215 gold pieces.

Inventory:

Hand Weapons
 a - a +0 war axe (weapon)
Armour
 b - a +0 scale mail (worn)
 g - a +0 kite shield (worn)
Jewellery
 f - a ring of magical power (right hand)
 j - an amulet of magic regeneration (around neck)
 k - a +6 ring of strength (left hand)
Scrolls
 h - 4 scrolls of identify {unknown}
 i - a scroll of enchant armour {unknown}
 l - 2 scrolls of teleportation
 n - a scroll of fog
 q - a scroll of amnesia {unknown}
 s - 2 scrolls of random uselessness {unknown}
 v - a scroll of remove curse {unknown}
Potions
 c - a potion of invisibility {unknown}
 d - a potion of might
 e - 2 potions of degeneration {unknown}
 m - a potion of mutation {unknown}
 o - a potion of flight {unknown}
 p - 3 potions of curing {unknown}
 r - a potion of ambrosia {unknown}
 t - a potion of heal wounds {unknown}
 u - a potion of lignification {unknown}


   Skills:
 - Level 5.0 Fighting
 - Level 2.4 Axes
 - Level 5.0 Armour
 + Level 7.9 Shields


You had 5 spell levels left.
You didn't know any spells.
Your spell library was empty.

Dungeon Overview and Level Annotations

Branches:
Dungeon (4/15)            Ossuary (1/1)
 Temple: D:4-7

Altars:


Innate Abilities, Weirdness & Mutations

You reflexively headbutt those who attack you in melee.
You have a pair of horns on your head.


Message History

You block the mummy's attack. x2
You completely miss the mummy.
The mummy is almost destroyed.
You slash the mummy! You barely miss the mummy.
The mummy hits you but does no damage. You block the mummy's attack.
You slash the mummy!
You destroy the mummy!
You slash the mummy!
You destroy the mummy!
You barely miss the mummy. You block the mummy's attack.
Found a scroll of fog and a dark potion.
Found four items.
You see here a fuming yellow potion.
The sentinel's mark upon you fades away.
You see here a fuming yellow potion.
You slash the mummy!
You headbutt the mummy, but do no damage.
The mummy is heavily damaged.
The mummy hits you!
You die...

### ###.###
##!!@.?## #####
#!??M??!# #...#
####M#### #...#
#.# ##.## ###'###
#.### ##.....##
##.'.#
##.......###..###
#.........#...'.#
.'....⌠....'...###


You could see 2 mummies.

Vanquished Creatures
  2 centaur skeletons
  2 human zombies (Ossuary)
  An iguana (D:4)
  Natasha (thrice) (D:3)
  An orc wizard (D:3)
  A worker ant (D:4)
  4 mummies (Ossuary)
  6 adders
  4 worms (D:2)
  A dart slug (D:2)
  A leopard gecko (D:2)
  4 orcs
  7 bats
  5 giant cockroaches
  9 hobgoblins
  8 jackals
  8 kobolds
  6 frilled lizards
  6 goblins
  A kobold zombie (Ossuary)
  An orc zombie (Ossuary)
  5 rats
  3 toadstools (D:1)
89 creatures vanquished.

Vanquished Creatures (others)
  A toadstool (D:1)
1 creature vanquished.

Grand Total: 90 creatures vanquished

Notes
Turn   | Place    | Note
-------+----------+-------------------------------------------
     0 | D:1      | Frask the Minotaur Fighter began the quest for the Orb.
     0 | D:1      | Reached XP level 1. HP: 19/19 MP: 0/0
   248 | D:1      | Reached XP level 2. HP: 27/27 MP: 1/1
   598 | D:1      | Reached skill level 4 in Shields
  1182 | D:2      | Reached XP level 3. HP: 33/33 MP: 2/2
  1817 | D:3      | Reached XP level 4. HP: 38/41 MP: 3/3
  2077 | D:3      | Noticed Natasha
  2081 | D:3      | Killed Natasha
  2081 | D:3      | Reached skill level 5 in Armour
  2081 | D:3      | Reached skill level 5 in Shields
  2130 | D:3      | Reached XP level 5. HP: 47/47 MP: 4/4
  2135 | D:3      | Noticed Natasha
  2137 | D:3      | Reached skill level 5 in Fighting
  2138 | D:3      | Killed Natasha
  2220 | D:3      | Reached skill level 6 in Shields
  2351 | D:3      | Noticed Natasha
  2360 | D:3      | Killed Natasha
  2525 | D:4      | Reached XP level 6. HP: 56/56 MP: 5/5
  2662 | D:4      | Reached skill level 7 in Shields
  2693 | D:4      | Found a sand-covered staircase.
  2697 | Ossuary  | Entered an ossuary
  2897 | Ossuary  | Mangled by a mummy

Illustrated notes

Levels and vault maps discovered:
D:1:      ldierk_water_garden, layout_loops_ring, hangedman_decor_riveting
D:2:      layout_loops_ring
D:3:      layout_rooms, uniq_natasha
D:4:      layout_basic, minmay_temple_entry_sparse_star,
          nicolae_ossuary_entry_plus
Ossuary:  ossuary_crypta

Skill      XL: |  1  2  3  4  5  6 |
---------------+-------------------+-----
Shields        | 4 5 6 7 |  7.9
Armour         | 4 5 |  5.0
Fighting       | 4 5 |  5.0
Axes           | |  2.4

Action                   |  1- 3 |  4- 6 || total
-------------------------+-------+-------++-------
Melee: War axe           |   124 |   111 ||   235
       Headbutt          |    12 |    24 ||    36
  Use: Scroll            |     1 |     2 ||     3
Armor: Scale mail        |    54 |    38 ||    92
Dodge: Dodged            |    38 |    35 ||    73
Block: Kite shield       |    80 |    68 ||   148

Table legend: (Time is in decaauts)
 A = Elapsed time spent in this place.
 B = Non-inter-level travel time spent in this place.
 C = Inter-level travel time spent in this place.
 D = Time resting spent in this place.
 E = Time spent auto-exploring this place.
 F = Levels seen in this place.
 G = Mean time per level.
                   A        B        C        D        E       F      G
               +--------+--------+--------+--------+--------+-----+--------+
         Total |   3007 |   2889 |    118 |      0 |   2209 |   5 |  601.4 |
       Dungeon |   2793 |   2675 |    118 |      0 |   2074 |   4 |  698.2 |
       Ossuary |    213 |    213 |      0 |      0 |    135 |   1 |  213.0 |
               +--------+--------+--------+--------+--------+-----+--------+

Top non-repeatable levels by time:
     D:2: 1036 daAuts
     D:1: 831 daAuts
     D:3: 742 daAuts
 Ossuary: 213 daAuts
     D:4: 182 daAuts
